 Dungeon Crawl Stone Soup version 0.30-a0-578-gdee14c521f (webtiles) character file.

Game seed: 17516058141458237919

443877 Angani the Draconian Blade (level 23, -5/200 HPs)
             Began as a White Draconian Reaver on Dec 30, 2022.
             Was an Elder of Hepliaklqana.
             Slain by a spriggan defender
             ... wielding a +2 demon whip of electrocution
              (18 damage)
             ... on level 2 of the Depths on Dec 31, 2022.
             The game lasted 02:07:56 (43930 turns).

Angani the Draconian Blade (DrRe)                  Turns: 43930, Time: 02:07:56

Health: -5/200     AC: 19    Str: 12    XL:     23   Next: 7%
Magic:  33/33      EV: 35    Int: 15    God:    Hepliaklqana [****..]
Gold:   2514       SH:  5    Dex: 27    Spells: 31/32 levels left

rFire   + + +      SeeInvis +    s - +7 triple sword "Xom's Whimsicality" {heavy, rC+ Dex+2}
rCold   + + +      Faith    .    (shield currently unavailable)
rNeg    . . .      Spirit   .    (body armour unavailable)
rPois   +          Reflect  +    X - +1 hat of Kupeshru {rF+ rC- Will+++ Str-3}
rElec   .          Harm     .    m - scarf {rC+ rF+}
rCorr   +          Rampage  .    H - +4 pair of gloves "Sifikkokk" {Fly Stlth+}
Will    ++++.                    o - +1 pair of boots of the Shouting Gods {rF+ Dex+4 Stlth-}
Stlth   ++++++                   M - amulet "Piqeoll" {Reflect rPois rF++ Regen+ Int-4 SH+5}
HPRegen 1.33/turn                E - ring "Reic" {rC+ rCorr SInv}
MPRegen 0.23/turn                e - +6 ring of dexterity

@: flying, studying Stealth
A: reduced essence, breathe frost, AC +11, unfitting armour, cold resistance 1,
cold-blooded
}: 2/15 runes: barnacled, gossamer
a: Breathe Frost, Renounce Religion, Recall Ancestor, Ancestor Identity,
Transference, Idealise


You were on level 2 of the Depths.
You worshipped Hepliaklqana.
Hepliaklqana was greatly pleased with you.
You visited 11 branches of the dungeon, and saw 44 of its levels.
You also visited: Ossuary, Gauntlet and Ice Cave.

You collected 4875 gold pieces.
You spent 2361 gold pieces at shops.

Inventory:

Hand Weapons
 s - the +7 triple sword "Xom's Whimsicality" (weapon) {heavy, rC+ Dex+2}
   (You found it in a Gauntlet)

   It deals dramatically more damage, but attacks with it are much slower.
   Dex:       It affects your dexterity (+2).
   rC:        It protects you from cold.
Missiles
 R - 5 throwing nets (quivered)
Armour
 m - a scarf of resistance (worn)
 o - the +1 pair of boots of the Shouting Gods (worn) {rF+ Dex+4 Stlth-}
   (You found it on level 3 of the Elven Halls)

   Dex:       It affects your dexterity (+4).
   rF:        It protects you from fire.
   Stlth:     It makes you less stealthy.
 H - the +4 pair of gloves "Sifikkokk" (worn) {Fly Stlth+}
   (You found it on level 5 of the Lair of Beasts)

   Fly:       It grants you flight.
   Stlth:     It makes you more stealthy.
 X - the +1 hat of Kupeshru (worn) {rF+ rC- Will+++ Str-3}
   (You found it on level 2 of the Crypt)

   Str:       It affects your strength (-3).
   rF:        It protects you from fire.
   rC:        It makes you vulnerable to cold.
   Will:      It greatly increases your willpower.
Jewellery
 e - a +6 ring of dexterity (right hand)
 g - a +5 ring of evasion
 j - the ring "Viecy" {Fly rN+ Str-2 Int+2 Dex+5}
   (You took it off a deep elf pyromancer on level 3 of the Elven Halls)

   [ring of flight]

   Str:       It affects your strength (-2).
   Int:       It affects your intelligence (+2).
   Dex:       It affects your dexterity (+5).
   rN:        It protects you from negative energy.
   Fly:       It grants you flight.
 n - the ring "Xothrus" {rPois rN+ rCorr}
   (You found it in an ice cave)

   [ring of positive energy]

   rPois:     It protects you from poison.
   rN:        It protects you from negative energy.
   rCorr:     It protects you from acid and corrosion.
 x - a ring of wizardry
 E - the ring "Reic" (left hand) {rC+ rCorr SInv}
   (You found it on level 7 of the Dungeon)

   [ring of protection from cold]

   rC:        It protects you from cold.
   SInv:      It lets you see invisible.
   rCorr:     It protects you from acid and corrosion.
 M - the amulet "Piqeoll" (around neck) {Reflect rPois rF++ Regen+ Int-4 SH+5}
   (You bought it in a shop on level 1 of the Elven Halls)

   [amulet of reflection]

   It reflects blocked missile attacks.
   Int:       It affects your intelligence (-4).
   rF:        It greatly protects you from fire.
   rPois:     It protects you from poison.
   Regen:     It increases your rate of health regeneration.
   SH:        It affects your SH (+5).
 N - a ring of protection from fire
 Q - a +4 ring of protection
 Y - a ring of willpower
 Z - a ring of willpower
Wands
 a - a wand of charming (56)
 y - a wand of light (10)
 z - a wand of flame (20)
 K - a wand of digging (10)
 P - a wand of iceblast (14)
 S - a wand of mindburst (11)
 U - a wand of polymorph (18)
Scrolls
 b - 3 scrolls of enchant armour
 c - 2 scrolls of silence
 i - 2 scrolls of poison
 k - 9 scrolls of teleportation
 l - 5 scrolls of amnesia
 v - 3 scrolls of blinking
 w - 12 scrolls of immolation
 A - 11 scrolls of fog
 B - 5 scrolls of butterflies
 J - 3 scrolls of torment
 T - 4 scrolls of fear
 V - 3 scrolls of magic mapping
 W - 6 scrolls of vulnerability
Potions
 d - 10 potions of heal wounds
 f - 7 potions of attraction
 h - 29 potions of curing
 p - 11 potions of haste
 q - 8 potions of mutation
 r - a potion of cancellation
 t - 9 potions of might
 u - 8 potions of invisibility
 C - 4 potions of resistance
 D - 4 potions of berserk rage
 F - 12 potions of ambrosia
 G - 7 potions of brilliance
 I - 13 potions of lignification
 L - 2 potions of flight
 O - 2 potions of magic


   Skills:
 - Level 22.0 Fighting
 + Level 22.7 Long Blades
 - Level 12.0 Polearms
 - Level 22.0 Dodging
 - Level 13.0 Stealth
 - Level 5.3 Spellcasting
 - Level 3.0 Conjurations
 - Level 14.1 Invocations


You had 31 spell levels left.
You knew the following spells:

 Your Spells              Type           Power      Damage    Failure   Level
a - Kiss of Death         Conj/Necr      32%        2d7       9%          1

Your spell library contained the following spells:

 Spells                   Type           Power      Damage    Failure   Level
 Magic Dart               Conj           52%        1d5       4%          1
 Searing Ray              Conj           26%        2d5       7%          2
 Foxfire                  Conj/Fire      32%        2x1d5     9%          1
 Momentum Strike          Conj/Tloc      16%        3d8       13%         2
 Beastly Appendage        Tmut           8%         N/A       16%         1
 Freeze                   Ice            16%        1d4       16%         1
 Necrotise                Necr           16%        1d4       16%         1
 Sting                    Tmut/Pois      16%        1d3       16%         1
 Cigotuvi's Dreadful Rot  Necr/Pois/Air  8%         N/A       24%         2
 Ensorcelled Hibernation  Hex/Ice        8%         N/A       24%         2
 Passwall                 Tmut/Erth      3%         N/A       24%         2
 Poisonous Vapours        Pois/Air       8%         N/A       24%         2
 Sublimation of Blood     Necr           4%         N/A       24%         2
 Wereblood                Tmut           4%         N/A       24%         2
 Hailstorm                Conj/Ice       8%         3d4       26%         3
 Stone Arrow              Conj/Erth      16%        3d8       26%         3
 Mephitic Cloud           Conj/Pois/Air  7%         N/A       30%         3
 Call Canine Familiar     Summ           4%         N/A       43%         3
 Frozen Ramparts          Ice            8%         1d2       43%         3
 Gell's Gravitas          Tloc           4%         N/A       43%         3
 Ignite Poison            Fire/Tmut/Pois 4%         N/A       43%         3
 Inner Flame              Hex/Fire       4%         N/A       43%         3
 Kindle Blastsparks       Fire/Tloc/Air  8%         2d10      43%         3
 Lesser Beckoning         Tloc           8%         N/A       43%         3
 Ozocubu's Armour         Ice            4%         N/A       43%         3
 Portal Projectile        Hex/Tloc       8%         N/A       43%         3
 Spider Form              Tmut/Pois      4%         N/A       43%         3
 Swiftness                Air            4%         N/A       43%         3
 Teleport Other           Tloc           4%         N/A       43%         3
 Vampiric Draining        Necr           4%         2d6       43%         3
 Flame Wave               Conj/Fire      8%         2d5       63%         4
 Fulminant Prism          Conj/Hex       4%         3d5       63%         4
 Iskenderun's Mystic Bla  Conj/Tloc      8%         2d4       63%         4
 Sticky Flame             Conj/Fire      8%         2d3       63%         4
 Anguish                  Hex/Necr       2%         N/A       83%         4
 Cause Fear               Hex            2%         N/A       83%         4
 Dispel Undead            Necr           4%         3d7       83%         4
 Ice Form                 Ice/Tmut       4%         N/A       83%         4
 Leda's Liquefaction      Hex/Erth       2%         N/A       83%         4
 Olgreb's Toxic Radiance  Pois           4%         N/A       83%         4
 Summon Ice Beast         Ice/Summ       4%         N/A       83%         4
 Fireball                 Conj/Fire      4%         3d4       93%         5
 Irradiate                Conj/Tmut      4%         3d13      93%         5
 Agony                    Necr           4%         N/A       99%         5
 Alistair's Intoxication  Tmut/Pois      2%         N/A       99%         5
 Borgnjor's Vile Clutch   Necr/Erth      2%         N/A       99%         5
 Lee's Rapid Deconstruct  Erth           2%         3d4*      99%         5
 Summon Forest            Summ/Tloc      2%         N/A       99%         5
 Summon Mana Viper        Hex/Summ       4%         N/A       99%         5
 Yara's Violent Unravell  Hex/Tmut       2%         3d3       99%         5
 Death Channel            Necr           2%         N/A       100%        6
 Eringya's Noxious Bog    Tmut/Pois      2%         N/A       100%        6
 Iron Shot                Conj/Erth      4%         9d2       100%        6
 Simulacrum               Ice/Necr       2%         N/A       100%        6
 Statue Form              Tmut/Erth      2%         N/A       100%        6
 Haunt                    Necr/Summ      2%         N/A       100%        7
 Malign Gateway           Summ/Tloc      2%         N/A       100%        7
 Monstrous Menagerie      Summ           2%         N/A       100%        7
 Ozocubu's Refrigeration  Ice            2%         4d7       100%        7
 Summon Hydra             Summ           2%         N/A       100%        7
 Borgnjor's Revivificati  Necr           2%         N/A       100%        8
 Discord                  Hex            2%         N/A       100%        8
 Infestation              Necr           2%         N/A       100%        8
 Necromutation            Tmut/Necr      2%         N/A       100%        8
 Summon Horrible Things   Summ           2%         N/A       100%        8


Dungeon Overview and Level Annotations

Branches:
Dungeon (15/15)            Temple (1/1) D:4            Lair (5/5) D:10
 Shoals (4/4) Lair:2       Spider (4/4) Lair:2        Slime (1/5) Lair:4
    Orc (2/2) D:12            Elf (3/3) Orc:2        Vaults (4/5) D:13
  Crypt (3/3) Vaults:3       Tomb (0/3) Crypt:3      Depths (1/4) D:15
Ossuary (visited)           IceCv (visited)         Gauntlet (visited)

Altars:
Ashenzari
Cheibriados
Dithmenos
Elyvilon
Fedhas
Gozag
Hepliaklqana
Kikubaaqudgha
Makhleb
Nemelex Xobeh
Okawaru
Qazlal
Ru
Sif Muna
Trog
Uskayaw
Vehumet
Wu Jian
Xom
Yredelemnul
Zin
The Shining One

Shops:
D:4 (   D:12 [   Orc:1 [   Orc:2 (?:[   Elf:1 ::=(   Elf:2 (   Shoals:1 [
Shoals:2 (   Vaults:2 =   Vaults:4 !

Portals:
Pandemonium: Orc:2

Annotations:
Elf:2 5 runed translucent doors, exclusion: 5 doors
Vaults:1 3 runed translucent doors, exclusion: 3 doors, Fypuno Aqar's ghost, adept DEFE; Poyn's ghost, adept DEVM; Vivivvi's ghost, veteran DjCj
Abyss:1 Edmund, Grinder, Sigmund


Innate Abilities, Weirdness & Mutations

Your life essence is reduced to manifest your ancestor. (-10% HP)
You can breathe waves of freezing cold which knock back foes.
Your icy white scales are hard. (AC +11)
You cannot fit into any form of body armour.
Your flesh is cold resistant. (rC+)
You are cold-blooded and may be slowed by cold attacks.


Message History

The ettin is severely wounded.
The ettin hits you with a +0 dire flail!
* * * LOW HITPOINT WARNING * * *
The ettin completely misses you.
You carve the ettin like a ham!!!
You kill the ettin!
The vampire knight completely misses you.
The vampire knight bites you.
* * * LOW HITPOINT WARNING * * *
The vampire knight draws strength from your injuries!
You hit the vampire knight.
You tail-slap the vampire knight, but do no damage.
The vampire knight is lightly damaged.
The vampire knight hits you but does no damage.
The vampire knight completely misses you.
You slice the vampire knight like a ripe choko!!!
The vampire knight is severely damaged.
You hear a shout!
The vampire knight misses you. The vampire knight closely misses you.
The vampire knight completely misses you.
You block the vampire knight's attack.
You slice the vampire knight like a ripe choko!!!!
You destroy the vampire knight!
You slash the white ugly thing!
You tail-slap the white ugly thing, but do no damage.
The white ugly thing is moderately wounded.
The white ugly thing punches you!
* * * LOW HITPOINT WARNING * * *
The white ugly thing freezes you. You resist.
* * * LOW HITPOINT WARNING * * *
You chop the white ugly thing into pieces!!!
The white ugly thing is almost dead.
A spriggan defender comes into view.
It is wielding a +2 demon whip of electrocution.
The white ugly thing completely misses you.
You slice the white ugly thing like a ripe choko!!!
You kill the white ugly thing!
The spriggan defender hits you with a +2 demon whip of electrocution!!
* * * LOW HITPOINT WARNING * * *
You are electrocuted!!
You die...

..# ####.# #.
###....# #.#
##......#
...#[.......
#.##....uC#
#.#..###..[)#
#.##...####.# #.#
#....@iC#
#.#####.#######
#####..............
.................~~
#.###.......>.....~≈
#............)...~~≈
#####'####..........
#.#...#.##.........
#.#..†#.###........


You could see a fire giant and a spriggan defender.

Vanquished Creatures
  Vv (Crypt:1)
  A curse toe (Crypt:3)
  2 deep elf blademasters (Elf:3)
  A lich (Crypt:3)
  A shard shrike skeleton (Crypt:3)
  Asterion (Spider:1)
  2 deep elf master archers (Elf:3)
  6 ancient champions
  A sphinx (Crypt:3)
  A tengu reaver (D:14)
  2 fire giants (Depths:2)
  3 revenants
  A frost giant (Vaults:4)
  7 emperor scorpions
  2 deep elf elementalists (Elf:3)
  Louise (Spider:1)
  3 vault wardens
  2 curse skulls (Crypt:1)
  7 ironbound preservers
  2 orc warlords (Vaults:4)
  A ghost moth (Spider:4)
  5 broodmothers
  2 ghouls (Crypt:3)
  5 ironbound thunderhulks
  6 very ugly things
  2 stone giants
  2 deep elf annihilators (Elf:3)
  A minotaur (Gauntlet)
  8 dire elephants
  Azrael (Orc:2)
  4 vampire knights
  5 deep elf death magi
  2 eidola
  Snorg (Orc:2)
  4 yaktaur captains
  A spark wasp (Spider:4)
  3 ettins (Depths:2)
  7 entropy weavers
  2 mummy priests (Crypt:3)
  4 merfolk impalers
  Josephine (D:13)
  12 jiangshi
  2 deep elf high priests
  5 great orbs of eyes
  6 vault guards
  2 hydras
  A peacekeeper (Vaults:2)
  4 ironbound frosthearts
  A merfolk avatar (Shoals:4)
  2 ice dragons (Depths:2)
  2 radroaches
  2 demonspawn (Orc:2)
  3 jorogumos
  3 two-headed ogres
  11 centaur warriors
  2 alligator snapping turtles (Shoals:3)
  A radroach (shapeshifter) (D:14)
  A deep troll shaman (Depths:2)
  3 merfolk aquamancers
  2 boulder beetles
  6 vampire magi
  6 dancing weapons
  A tengu warrior (Depths:2)
  A satyr (Shoals:3)
  Urug (D:11)
  6 death yaks
  2 hell knights (Vaults:4)
  An orc high priest (Orc:2)
  7 deep elf knights
  A soul eater (Crypt:3)
  A shadow wraith (Crypt:2)
  6 sea snakes
  A sun moth (Spider:3)
  An iron troll (D:13)
  2 flayed ghosts
  23 skeletal warriors
  7 pharaoh ants
  A spark wasp zombie (Crypt:3)
  A death drake (Depths:2)
  7 orb spiders
  28 deep trolls
  Pikel (D:4)
  A bog body (Crypt:3)
  3 deep elf archers
  15 ironbound convokers
  15 deep elf zephyrmancers
  8 phantasmal warriors
  3 necromancers
  8 orc knights
  8 lindwurms
  6 wizards
  16 harpies
  5 steelbarb worms
  A shadow dragon skeleton (Crypt:2)
  15 ugly things
  A cyclops (D:12)
  15 wolf spiders
  4 orc sorcerers (Orc:2)
  A salamander (D:15)
  16 deep elf pyromancers
  2 moths of wrath (Spider:2)
  4 fauns
  A sphinx skeleton (Crypt:3)
  9 manticores
  2 merfolk sirens (Shoals:3)
  10 elephants
  A black mamba (Depths:2)
  3 torpor snails
  10 water nymphs
  A human skeleton (Vaults:4)
  An ice statue (IceCv)
  8 cane toads
  6 vault sentinels
  2 gargoyles
  A shock serpent skeleton (Crypt:2)
  4 demonic crawlers
  A cane toad (shapeshifter) (Depths:2)
  3 rime drakes
  8 komodo dragons
  4 unseen horrors
  2 tengu conjurers
  5 freezing wraiths
  5 yaktaurs (Vaults:2)
  3 guardian mummies (Crypt:3)
  A catoblepas skeleton (Crypt:1)
  A black draconian skeleton (Crypt:2)
  3 ice devils
  An efreet (D:14)
  A mana viper zombie (Crypt:1)
  A hellwing (Orc:2)
  An anaconda simulacrum (IceCv)
  4 trolls
  A polar bear (shapeshifter) (D:14)
  5 meliai
  A tyrant leech (Lair:5)
  4 harpy zombies (Shoals:3)
  A wind drake (shapeshifter) (D:13)
  A wind drake (Shoals:1)
  2 hornets (Depths:2)
  15 merfolk
  3 polar bears
  20 tarantellas
  A harpy skeleton (Crypt:3)
  23 slime creatures
  8 snapping turtles
  7 blink frogs
  A human simulacrum (Vaults:4)
  An ettin zombie (Crypt:3)
  6 water elementals
  19 jumping spiders
  25 culicivoras
  A wyvern (Lair:5)
  2 deep troll skeletons
  A shadow (D:13)
  10 wraiths
  4 fire elementals (Orc:2)
  2 air elementals
  A basilisk (Lair:2)
  24 yaks
  A ynoxinul (Gauntlet)
  3 large abominations (Elf:2)
  4 death yak simulacra
  A golden eye (shapeshifter) (D:14)
  4 vampire mosquitoes
  A yaktaur simulacrum (Vaults:4)
  52 redbacks
  2 wargs
  An acid dragon (D:9)
  4 hydra simulacra (IceCv)
  12 water moccasins
  A naga skeleton (Crypt:3)
  2 sky beasts (D:8)
  2 ice beasts (D:6)
  14 orc warriors
  A swamp dragon zombie (Crypt:1)
  3 black bears
  3 boggarts
  6 ogres
  11 wolves
  10 centaurs
  A blink frog skeleton (Crypt:3)
  Blork the orc (D:4)
  An elf zombie (Elf:2)
  A salamander zombie (Crypt:3)
  4 kobold brigands
  8 bullfrogs
  3 small abominations (Gauntlet)
  A gnoll sergeant (D:9)
  2 necrophages
  2 earth elementals
  A cyclops zombie (Crypt:1)
  6 scorpions
  4 cane toad simulacra
  9 wights
  A queen bee zombie (Crypt:3)
  27 killer bees
  6 elephant simulacra
  6 electric eels
  3 howler monkeys
  A spriggan skeleton (Crypt:1)
  3 centaur zombies
  A human zombie (Ossuary)
  A jelly (D:8)
  3 gnoll boudas
  9 orc priests
  2 hounds
  A basilisk skeleton (Crypt:2)
  Terence (D:3)
  Natasha (thrice) (D:3)
  3 iguanas
  8 orc wizards
  3 polar bear simulacra
  3 spriggan simulacra
  A wolf simulacrum (IceCv)
  A tengu zombie (Crypt:2)
  A hound zombie (Crypt:3)
  2 mummies (Ossuary)
  4 howler monkey zombies
  6 gnolls
  6 adders
  A naga simulacrum (Orc:2)
  3 shadow imps
  5 white imps
  4 ufetubi
  An adder skeleton (Crypt:1)
  2 worms
  2 dart slugs
  35 orcs
  9 ball pythons
  5 bats
  10 endoplasms
  5 giant cockroaches
  A gnoll zombie (Ossuary)
  3 goblins
  7 hobgoblins
  4 jackals
  15 kobolds
  4 quokkas
  6 frilled lizards
  3 hobgoblin zombies (Ossuary)
  An orc zombie (Crypt:3)
  4 rats
1147 creatures vanquished.

Vanquished Creatures (collateral kills)
  The ghost of Nofozin the Slayer, a veteran FoFi of Vehumet (Crypt:2)
  Margery (Vaults:4)
  Nikola (Shoals:1)
  A bone dragon (Crypt:3)
  Arachne (Spider:2)
  A shard shrike zombie (Crypt:3)
  A lich (Crypt:3)
  3 sphinxes
  Gastronok (Lair:1)
  5 ancient champions
  A deep elf sorcerer (Elf:3)
  A revenant (Crypt:3)
  2 emperor scorpions
  A curse skull (Crypt:1)
  2 vault wardens
  A ghoul (Crypt:3)
  3 deep elf elementalists (Elf:3)
  4 ironbound preservers
  A juggernaut skeleton (Crypt:3)
  A war gargoyle (Vaults:4)
  2 broodmothers (Spider:4)
  A reaper (Crypt:1)
  4 very ugly things
  2 ironbound thunderhulks
  5 vampire knights
  A deep elf annihilator (Elf:3)
  A deep elf demonologist (Elf:3)
  A crystal guardian (Vaults:4)
  3 dire elephants
  A merfolk javelineer (Shoals:4)
  6 deep elf death magi
  6 jiangshi (Crypt:3)
  A mummy priest (Crypt:3)
  A fire dragon (Depths:1)
  An ettin (Depths:1)
  A deep elf high priest (Elf:3)
  11 merfolk impalers
  4 yaktaur captains
  An entropy weaver (shapeshifter) (D:13)
  4 great orbs of eyes
  4 entropy weavers
  2 hydras
  A peacekeeper (Vaults:4)
  An ironbound frostheart (Vaults:2)
  An alligator snapping turtle (Shoals:4)
  A merfolk avatar (Shoals:4)
  A death knight (Crypt:2)
  A merfolk aquamancer (Shoals:4)
  8 death yaks
  2 centaur warriors (Vaults:1)
  2 two-headed ogres (D:13)
  A tengu warrior (D:14)
  A radroach (Spider:4)
  2 satyrs
  A vampire mage (Crypt:3)
  A dancing weapon (Elf:3)
  2 orc high priests (Orc:2)
  3 hell knights (Vaults:4)
  2 soul eaters (Crypt:3)
  2 deep elf knights
  7 sea snakes
  2 goliath frogs (Lair:5)
  9 deep trolls
  A glowing orange brain (Depths:1)
  5 orb spiders
  15 skeletal warriors
  2 deep elf archers
  3 ironbound convokers
  2 wizards
  A bog body (Crypt:3)
  3 lindwurms
  3 orc knights
  6 deep elf pyromancers
  5 wolf spiders
  6 necromancers
  10 harpies
  2 phantasmal warriors
  2 orc sorcerers (Orc:2)
  12 ugly things
  5 deep elf zephyrmancers
  A goliath frog zombie (Crypt:2)
  A mana viper (shapeshifter) (Elf:1)
  A stone giant zombie (Crypt:3)
  12 slime creatures
  A stone giant skeleton (Crypt:3)
  7 manticores
  3 cyclopes
  A black mamba (Lair:4)
  8 fauns
  2 moths of wrath
  A rust devil (Gauntlet)
  8 elephants
  Joseph (D:8)
  2 water nymphs
  9 merfolk sirens
  4 demonic crawlers
  2 torpor snails (Spider:4)
  A purple draconian zombie (Crypt:1)
  3 vault sentinels
  Psyche (D:8)
  11 cane toads
  A dire elephant skeleton (Crypt:3)
  4 ice devils (IceCv)
  2 freezing wraiths
  A naga skeleton (Crypt:3)
  A rime drake (Lair:3)
  4 komodo dragons
  2 unseen horrors (Crypt:2)
  10 guardian mummies (Crypt:3)
  4 yaktaurs (Vaults:1)
  2 harpy zombies (Shoals:3)
  19 merfolk
  2 meliai (Spider:3)
  A troll (D:14)
  2 tyrant leeches (Lair:5)
  A shadow dragon simulacrum (Crypt:3)
  3 wind drakes (Shoals:4)
  A raiju (shapeshifter) (D:13)
  14 tarantellas
  9 blink frogs
  2 snapping turtles
  A centaur simulacrum (Crypt:3)
  12 culicivoras
  11 jumping spiders
  2 air elementals
  A shadow (D:6)
  7 water elementals
  2 fire elementals
  5 wraiths
  7 yaks
  3 basilisks
  2 death yak simulacra (IceCv)
  A steam dragon (D:9)
  Grum (D:8)
  2 vampire mosquitoes
  A harpy simulacrum (IceCv)
  24 redbacks
  3 water moccasins
  14 orc warriors
  A black bear (D:5)
  2 boggarts (Vaults:1)
  6 wolves
  5 ogres
  2 centaurs (D:11)
  An elf zombie (Elf:2)
  A kobold brigand (D:9)
  5 bullfrogs
  2 wights
  7 killer bees
  3 elephant simulacra (IceCv)
  A troll skeleton (Crypt:1)
  A yak skeleton (Crypt:1)
  A howler monkey (D:13)
  3 electric eels
  3 centaur zombies
  4 orc priests (Orc:2)
  2 gnoll boudas (D:14)
  2 iron imps (Gauntlet)
  7 orc wizards
  2 polar bear simulacra (IceCv)
  A mummy (Crypt:3)
  11 gnolls
  2 naga simulacra
  A shadow imp (Gauntlet)
  A white imp (Gauntlet)
  17 orcs
  6 kobolds (D:9)
  A frilled lizard skeleton (Crypt:2)
  A rat zombie (Crypt:2)
596 creatures vanquished.

Vanquished Creatures (others)
  A tengu conjurer (Depths:2)
  An air elemental (Elf:2)
  A centaur (D:13)
  A lemure (D:4)
  59 battlemagi
  2 ancestors (D:5)
  A naga simulacrum (Orc:2)
  A demonic plant (Gauntlet)
  26 fungi
  120 plants
213 creatures vanquished.

Grand Total: 1956 creatures vanquished

Notes
Turn   | Place    | Note
-------+----------+-------------------------------------------
     0 | D:1      | Angani the Draconian Reaver began the quest for the Orb.
     0 | D:1      | Reached XP level 1. HP: 17/17 MP: 3/3
    38 | D:1      | wow
    38 | D:1      | the first item I see
    38 | D:1      | is gold scales
    38 | D:1      | that I can't wear
   151 | D:1      | Reached XP level 2. HP: 25/25 MP: 5/5
   389 | D:1      | Reached XP level 3. HP: 27/31 MP: 6/6
  1059 | D:2      | Reached XP level 4. HP: 36/40 MP: 7/7
  1584 | D:3      | Noticed Natasha
  1588 | D:3      | Killed Natasha
  1817 | D:3      | Noticed Natasha
  1829 | D:3      | Killed Natasha
  1946 | D:3      | Reached XP level 5. HP: 46/46 MP: 8/8
  1958 | D:3      | Noticed Terence
  1964 | D:3      | Killed Terence
  2175 | D:3      | Noticed Natasha
  2190 | D:3      | Killed Natasha
  2419 | D:3      | Found a glowing silver altar of Zin.
  2510 | D:4      | Found a sacrificial altar of Ru.
  2520 | D:4      | Noticed Pikel
  2520 | D:4      | Noticed a lemure
  2520 | D:4      | Noticed a lemure
  2520 | D:4      | Noticed a lemure
  2520 | D:4      | Noticed a lemure
  2531 | D:4      | Killed Pikel
  2532 | D:4      | Reached XP level 6. HP: 54/58 MP: 9/9
  2532 | D:4      | Your scales start taking on an icy white colour.
  2532 | D:4      | Reached XP level 7. HP: 59/64 MP: 10/10
  2532 | D:4      | Gained mutation: Your flesh is cold resistant. (rC+) [White
                  | Draconian growth]
  2569 | D:4      | Found a sand-covered staircase.
  2573 | Ossuary  | Entered an ossuary
  2868 | D:4      | Noticed Blork the orc
  2879 | D:4      | Found an ornate altar of the Wu Jian Council.
  2910 | D:4      | Killed Blork the orc
  2919 | D:4      | Found a burning altar of Makhleb.
  2993 | D:4      | Noticed Edmund
  3005 | D:4      | Banished Edmund
  3006 | D:4      | Reached XP level 8. HP: 72/73 MP: 11/11
  3046 | D:4      | Found a staircase to the Ecumenical Temple.
  3069 | Temple   | Entered the Ecumenical Temple
  3141 | Temple   | Became a worshipper of Hepliaklqana the Forgotten
  3211 | D:4      | Found Ludghia Niar's Weapon Emporium.
  3401 | D:4      | Identified 3 scrolls of acquirement
  3403 | D:4      | Acquired the +2 pair of boots "Yrrimpuoful" {Regen+ Str-2
                  | Int+2}
  3410 | D:4      | Acquired a +1 pair of gloves of hurling
  3417 | D:4      | Acquired a manual of Stealth
  3420 | D:5      | Entered Level 5 of the Dungeon
  3586 | D:5      | You fall into a shaft and drop 3 floors!
  3781 | D:6      | Noticed Sigmund
  3800 | D:6      | Banished Sigmund
  3826 | D:6      | Reached * piety under Hepliaklqana
  3994 | D:5      | Noticed Grinder
  4005 | D:5      | Reached XP level 9. HP: 75/75 MP: 12/12
  4045 | D:5      | Banished Grinder
  4046 | D:5      | Reached skill level 10 in Fighting
  4128 | D:5      | Reached skill level 10 in Polearms
  4734 | D:6      | Reached XP level 10. HP: 83/83 MP: 13/13
  5051 | D:6      | Reached ** piety under Hepliaklqana
  5052 | D:6      | Remembered your ancestor Syrinius as a battlemage
  5218 | D:7      | Identified the ring "Reic" {rC+ rCorr SInv}
  5591 | D:7      | Reached skill level 5 in Dodging
  5596 | D:7      | Found a basalt altar of Yredelemnul.
  5598 | D:7      | Noticed a profane servitor
  5607 | D:7      | Found a glowing golden altar of the Shining One.
  5784 | D:7      | Noticed an angel
  5854 | D:8      | Noticed Psyche
  5864 | D:8      | Killed Psyche
  5913 | D:8      | Found an ancient bone altar of Kikubaaqudgha.
  5958 | D:8      | Noticed Joseph
  5976 | D:8      | Killed Joseph
  6152 | D:8      | Reached *** piety under Hepliaklqana
  6335 | D:8      | Noticed Grum
  6346 | D:8      | Killed Grum
  7280 | D:9      | Noticed a deep elf pyromancer
  7300 | D:9      | Killed a deep elf pyromancer
  7328 | D:9      | Reached XP level 11. HP: 90/90 MP: 14/14
  7329 | D:9      | Noticed a centaur warrior
  7351 | D:9      | Killed a centaur warrior
  7359 | D:9      | Noticed a six-headed hydra
  7373 | D:9      | Killed a six-headed hydra
  7444 | D:9      | Reached skill level 1 in Stealth
  7444 | D:9      | Reached skill level 1 in Invocations
  7494 | D:9      | Noticed a tengu warrior
  7514 | D:9      | Banished a tengu warrior
  7771 | D:9      | Reached skill level 5 in Invocations
  8058 | D:10     | Entered Level 10 of the Dungeon
  8075 | D:10     | Noticed a two-headed ogre
  8086 | D:10     | Killed a two-headed ogre
  8087 | D:10     | Reached skill level 5 in Stealth
  8151 | D:10     | Noticed a two-headed ogre
  8160 | D:10     | Killed a two-headed ogre
  8185 | D:10     | Noticed a death yak
  8187 | D:10     | Found a staircase to the Lair.
  8201 | D:10     | Banished a death yak
  8202 | D:10     | Reached skill level 10 in Dodging
  8204 | D:10     | Noticed a death yak
  8205 | D:10     | Noticed a death yak
  8205 | D:10     | Noticed a death yak
  8261 | D:10     | Noticed a death yak
  8284 | D:10     | Banished a death yak
  8318 | D:11     | Killed a death yak
  8319 | D:11     | Reached XP level 12. HP: 91/95 MP: 18/18
  8399 | D:11     | Reached **** piety under Hepliaklqana
  8719 | D:11     | Noticed Urug
  8733 | D:11     | Killed Urug
  8988 | D:11     | Noticed a two-headed ogre
  8991 | D:11     | Banished a two-headed ogre
  8992 | D:11     | Reached skill level 10 in Invocations
  9100 | D:12     | Found Dirit's Armour Boutique.
  9100 | D:12     | Found a staircase to the Orcish Mines.
  9191 | D:12     | Noticed a two-headed ogre
  9203 | D:12     | Killed a two-headed ogre
  9204 | D:12     | Reached skill level 10 in Stealth
  9694 | D:12     | Reached ***** piety under Hepliaklqana
  9998 | D:13     | Noticed a centaur warrior
 10014 | D:13     | Killed a centaur warrior
 10107 | D:13     | Noticed a centaur warrior
 10117 | D:13     | Killed a centaur warrior
 10357 | D:13     | Noticed a centaur warrior
 10377 | D:13     | Killed a centaur warrior
 10378 | D:13     | Reached XP level 13. HP: 62/101 MP: 23/23
 10411 | D:12     | Upgraded the game from 0.30-a0-570-g486de37d69 to
                  | 0.30-a0-576-g89cddaab80
 10651 | D:13     | Noticed Josephine
 10668 | D:13     | Killed Josephine
 10942 | D:13     | Found a gate to the Vaults.
 11330 | D:13     | Noticed a tengu reaver
 11330 | D:13     | Noticed a frost giant
 11330 | D:13     | Noticed a frost giant
 11330 | D:13     | Noticed a tengu reaver
 12278 | D:14     | Reached skill level 15 in Fighting
 12403 | D:14     | Killed a tengu reaver
 12818 | D:15     | Entered Level 15 of the Dungeon
 13101 | D:14     | Reached XP level 14. HP: 30/121 MP: 24/24
 13556 | D:15     | Found a staircase to the Depths.
 14276 | D:10     | Found a hide-covered altar of Uskayaw.
 14381 | Lair:1   | Entered Level 1 of the Lair of Beasts
 14634 | Lair:1   | Reached ****** piety under Hepliaklqana
 14639 | Lair:1   | Noticed Gastronok
 14654 | Lair:1   | Killed Gastronok
 15215 | Lair:2   | Found a hole to the Spider Nest.
 15603 | Lair:2   | Found a staircase to the Shoals.
 16427 | Lair:3   | Reached skill level 5 in Spellcasting
 16427 | Lair:3   | Reached XP level 15. HP: 135/135 MP: 25/25
 16942 | Lair:4   | Found a gate leading to a gauntlet.
 16951 | Gauntlet | Entered a Gauntlet
 16951 | Gauntlet | Found a transporter.
 16958 | Gauntlet | Found a transporter.
 16960 | Gauntlet | Found a transporter.
 16965 | Gauntlet | Found a runed translucent door.
 16965 | Gauntlet | Found a runed translucent door.
 16970 | Gauntlet | Found a transporter.
 16973 | Gauntlet | Found a transporter.
 16980 | Gauntlet | Found a runed translucent gate.
 16980 | Gauntlet | Found a runed translucent gate.
 16980 | Gauntlet | Found a runed translucent gate.
 16983 | Gauntlet | Found a transporter.
 16999 | Gauntlet | Found a transporter.
 17010 | Gauntlet | Found a transporter.
 17022 | Gauntlet | Found a transporter.
 17037 | Gauntlet | Found a transporter.
 17050 | Gauntlet | Found a transporter.
 17050 | Gauntlet | Found a transporter.
 17093 | Gauntlet | Found a transporter.
 17107 | Gauntlet | Found a transporter.
 17540 | Gauntlet | Identified the +7 triple sword "Xom's Whimsicality" {heavy,
                  | rC+ Dex+2}
 17601 | Gauntlet | Identified the +4 flail "Teomy" {antimagic, rCorr}
 17669 | Gauntlet | Reached skill level 1 in Long Blades
 17676 | Gauntlet | Identified the +6 rapier of Internal Strife {heavy, rElec
                  | rC+}
 17787 | Lair:4   | Found a staircase to the Slime Pits.
 17952 | Lair:4   | Reached XP level 16. HP: 141/144 MP: 26/26
 18111 | Lair:4   | Reached skill level 5 in Long Blades
 18441 | Slime:1  | Entered Level 1 of the Pits of Slime
 18485 | Lair:5   | Entered Level 5 of the Lair of Beasts
 19353 | Lair:5   | Reached skill level 10 in Long Blades
 19367 | Lair:5   | Identified the +4 pair of gloves "Sifikkokk" {Fly Stlth+}
 19510 | Lair:5   | Identified the +1 pair of boots of the Bard {Rampage}
 20049 | Orc:1    | Entered Level 1 of the Orcish Mines
 20230 | Orc:1    | Found Boocreif's Antique Armour Boutique.
 20611 | Orc:2    | Entered Level 2 of the Orcish Mines
 20611 | Orc:2    | Found Xengeb's Antique Weapon Emporium.
 20628 | Orc:2    | Noticed Azrael
 20632 | Orc:2    | Found a frozen archway.
 20637 | IceCv    | Entered an ice cave
 20826 | IceCv    | Found an ancient bone altar of Kikubaaqudgha.
 21469 | IceCv    | Identified the ring "Xothrus" {rPois rN+ rCorr}
 21548 | Orc:2    | Noticed Snorg
 21577 | Orc:2    | Killed Azrael
 21613 | Orc:2    | Killed Snorg
 21852 | Orc:2    | Found a staircase to the Elven Halls.
 21877 | Orc:2    | Found Defuocefu's Magic Scroll Boutique.
 21881 | Orc:2    | Found Fyentec's Distillery.
 21924 | Orc:2    | Bought a scroll of magic mapping for 105 gold pieces
 21924 | Orc:2    | Bought a scroll of fog for 56 gold pieces
 21924 | Orc:2    | Bought a scroll of fog for 56 gold pieces
 21924 | Orc:2    | Bought a scroll of enchant armour for 105 gold pieces
 21924 | Orc:2    | Bought a scroll of identify for 28 gold pieces
 21924 | Orc:2    | Bought a scroll of identify for 28 gold pieces
 21924 | Orc:2    | Bought a scroll of poison for 56 gold pieces
 21928 | Orc:2    | Bought a potion of lignification for 39 gold pieces
 21928 | Orc:2    | Bought a potion of resistance for 130 gold pieces
 21928 | Orc:2    | Bought a potion of haste for 130 gold pieces
 21928 | Orc:2    | Bought a potion of might for 52 gold pieces
 21928 | Orc:2    | Bought a potion of cancellation for 104 gold pieces
 21928 | Orc:2    | Bought a potion of curing for 39 gold pieces
 21928 | Orc:2    | Bought a potion of might for 52 gold pieces
 22174 | Orc:2    | Reached XP level 17. HP: 151/151 MP: 27/27
 22227 | Orc:2    | Found Ijoujesch's Antique Armour Emporium.
 22227 | Orc:2    | Found a one-way gate leading to the halls of Pandemonium.
 22227 | Orc:2    | Found Awuxuc's Book Shoppe.
 22456 | Orc:2    | Upgraded the game from 0.30-a0-576-g89cddaab80 to
                  | 0.30-a0-578-gdee14c521f
 22492 | Elf:1    | Entered Level 1 of the Elven Halls
 23122 | Elf:1    | Paralysed by an air elemental for 1 turns
 23177 | Elf:1    | Found Awudwi's Antique Weapon Emporium.
 23250 | Elf:1    | Found Jechif's Book Shoppe.
 23251 | Elf:1    | Found Tyhebb's Jewellery Shop.
 23279 | Elf:1    | Found Kunneb Loto's Book Shoppe.
 23290 | Elf:1    | Bought the amulet "Piqeoll" {Reflect rPois rF++ Regen+
                  | Int-4 SH+5} for 754 gold pieces
 23455 | Elf:1    | Reached skill level 15 in Long Blades
 23559 | Elf:1    | Got the Vademecum on Concussion
 23713 | Elf:2    | Identified the +10 quarterstaff "String" {freeze, rElec rC+
                  | Dex+4}
 23747 | Elf:2    | Found Fanlaj's Weapon Boutique.
 23786 | Elf:2    | Paralysed by an air elemental for 1 turns
 23833 | Elf:2    | Found a shimmering blue altar of Sif Muna.
 23929 | Elf:2    | Paralysed by an air elemental for 1 turns
 23932 | Elf:2    | Paralysed by an air elemental for 1 turns
 24168 | Elf:2    | Found a huge runed translucent gate.
 24168 | Elf:2    | Found a huge runed translucent gate.
 24168 | Elf:2    | Found a huge runed translucent gate.
 24168 | Elf:2    | Found a huge runed translucent gate.
 24168 | Elf:2    | Found a huge runed translucent gate.
 24316 | Elf:2    | Got Irphaf's Folio of the Grave
 24596 | Spider:1 | Entered Level 1 of the Spider Nest
 24596 | Spider:1 | Noticed Asterion
 24605 | Spider:1 | Killed Asterion
 24728 | Spider:1 | Noticed Louise
 24739 | Spider:1 | Killed Louise
 25649 | Spider:2 | Reached XP level 18. HP: 152/158 MP: 28/28
 25732 | Spider:2 | Identified the +7 battleaxe of Beogh's Whim {drain, Int+2}
 26218 | Spider:3 | Noticed Arachne
 26523 | Spider:2 | Killed Arachne
 27537 | Spider:4 | Entered Level 4 of the Spider Nest
 28616 | Spider:4 | Got a gossamer rune of Zot
 29260 | Shoals:1 | Entered Level 1 of the Shoals
 29364 | Shoals:1 | Reached XP level 19. HP: 146/164 MP: 29/29
 29615 | Shoals:1 | Noticed Nikola
 29630 | Shoals:1 | Killed Nikola
 29882 | Shoals:1 | Found Vuosalim's Armour Shop.
 30513 | Shoals:2 | You are sucked into a shaft and drop 1 floor!
 30811 | Shoals:2 | Found Ypolovema's Weapon Boutique.
 31743 | Shoals:4 | Entered Level 4 of the Shoals
 32151 | Shoals:4 | Got a barnacled rune of Zot
 32983 | Vaults:1 | Entered Level 1 of the Vaults
 33261 | Vaults:1 | Identified the +6 short sword of the Feather {venom, Will+
                  | MP-9 Str+3}
 33314 | Vaults:1 | Reached XP level 20. HP: 155/175 MP: 30/30
 33865 | Vaults:1 | Found a runed translucent gate.
 33865 | Vaults:1 | Found a runed translucent gate.
 33865 | Vaults:1 | Found an ancient bone altar of Kikubaaqudgha.
 33865 | Vaults:1 | Found a runed translucent gate.
 33865 | Vaults:1 | Noticed Vivivvi's ghost (veteran DjCj)
 33865 | Vaults:1 | Noticed Poyn's ghost (adept DEVM)
 33866 | Vaults:1 | Noticed an ancient lich
 33866 | Vaults:1 | Noticed Fypuno Aqar's ghost (adept DEFE)
 35117 | Vaults:2 | Found Ycen's Jewellery Shop.
 35830 | Vaults:3 | Found a staircase to the Crypt.
 36271 | Vaults:3 | Reached skill level 15 in Dodging
 36832 | Vaults:4 | Noticed Margery
 36841 | Vaults:4 | Killed Margery
 36842 | Vaults:4 | Reached XP level 21. HP: 166/186 MP: 26/31
 37089 | Vaults:4 | Found Vuj Hije's Distillery.
 37097 | Vaults:4 | Bought a potion of curing for 57 gold pieces
 37097 | Vaults:4 | Bought a potion of curing for 57 gold pieces
 37097 | Vaults:4 | Bought a potion of haste for 190 gold pieces
 37097 | Vaults:4 | Bought a potion of curing for 57 gold pieces
 37097 | Vaults:4 | Bought a potion of lignification for 57 gold pieces
 37097 | Vaults:4 | Bought a potion of lignification for 57 gold pieces
 37097 | Vaults:4 | Bought a potion of invisibility for 152 gold pieces
 38115 | Crypt:1  | Entered Level 1 of the Crypt
 38714 | Crypt:1  | Noticed Vv
 38722 | Crypt:1  | Killed Vv
 39343 | Crypt:2  | Found a runed translucent door.
 39463 | Crypt:2  | Noticed Nofozin's ghost (veteran FoFi)
 39524 | Crypt:2  | Identified the +2 spear of Haotwill {freeze, rC+}
 39804 | Crypt:2  | Killed Nofozin's ghost
 39805 | Crypt:2  | Reached XP level 22. HP: 33/193 MP: 22/32
 39886 | Crypt:2  | Got Imium's Lectures on the Geologist
 39888 | Crypt:2  | Identified the +1 hat of Kupeshru {rF+ rC- Will+++ Str-3}
 39933 | Crypt:3  | Entered Level 3 of the Crypt
 40825 | Crypt:3  | Found a staircase to the Tomb.
 41186 | Crypt:3  | Found an ancient bone altar of Kikubaaqudgha.
 41186 | Crypt:3  | Found a basalt altar of Yredelemnul.
 41186 | Crypt:3  | Noticed a curse toe
 41213 | Crypt:3  | Killed a curse toe
 41256 | Crypt:3  | Got Xosch's Further Progress in Witchcraft
 41362 | Crypt:3  | Got the Exposition on Iniquitous Magic
 41867 | Elf:3    | Entered Level 3 of the Elven Halls
 42063 | Elf:3    | Found a radiant altar of Vehumet.
 42307 | Elf:3    | Identified the +8 chain mail of Mezcal {Regen+}
 42740 | Elf:3    | Identified the +10 scimitar "Cisaluimu" {freeze, Str+2}
 42743 | Elf:3    | Identified the ring "Basoik" {Fire Int+4}
 42760 | Elf:3    | Identified the ring "Viecy" {Fly rN+ Str-2 Int+2 Dex+5}
 42897 | Elf:3    | Identified the +4 scimitar "Qung" {flame, Fragile rPois
                  | rN++ Will+}
 43053 | Elf:3    | Identified the +4 scale mail of Depression {+Blink rElec
                  | rF- Str+3}
 43214 | Elf:3    | Got Nitusiu's Vellum of Shapeshifting
 43229 | Elf:3    | Identified the +1 pair of boots of the Shouting Gods {rF+
                  | Dex+4 Stlth-}
 43646 | Depths:1 | Entered Level 1 of the Depths
 43776 | Depths:1 | You are sucked into a shaft and drop 1 floor!
 43860 | Depths:2 | Got the Volume of the Other Side
 43891 | Depths:2 | Reached XP level 23. HP: 200/200 MP: 33/33
 43930 | Depths:2 | Slain by a spriggan defender

Illustrated notes

+#'#'### .
#..
##..#..<#
#.#..
+#'#'#'###
#.#..
#..##..#
#.#.#
+#'#+###
###....
##..#
.....#
+#'###
#.#[###..#
#..@##'###
##.†...#
#..#†###
#.##... #.
#..... #.
#....... .
#...#... .
(.######
...


Turn 38 on D:1: wow

Levels and vault maps discovered:
D:1:      erik_arrival_triangle_large, layout_rooms
D:2:      layout_basic, serial_rivers, chequers_serial_rivers_room_a,
          chequers_serial_rivers_micro_a, chequers_serial_rivers_small_b,
          chequers_serial_rivers_micro_b, chequers_serial_rivers_room_b,
          chequers_serial_rivers_room_b, supply_closet_lemuel
D:3:      layout_loops_corners, zin_scriptorium, uniq_terence, uniq_natasha
D:4:      layout_rooms, mainiacjoe_overflow_two_lobes,
          nicolae_ru_the_path_less_chosen, minmay_temple_entry_butterflies,
          enter_ossuary_5, serial_shops, shop_statue, uniq_blork_the_orc,
          uniq_edmund, uniq_pikel
D:5:      minmay_angry_zag, layout_loops_ring, amcnicky_mini_pool_small,
          uniq_grinder
D:6:      layout_loops_ring, minmay_manual_monstrance, uniq_sigmund
D:7:      layout_loops_ring, grunt_temple_overflow_holy_war
D:8:      statuecave_lemuel, layout_basic, nicolae_overflow_crystal_walls,
          uniq_joseph, uniq_psyche, uniq_grum
D:9:      nzn_winding_woodlands_small
          [nzn_winding_woodlands_5x15_river_crossing,
          nzn_winding_woodlands_center_pierced_h,
          nzn_winding_woodlands_5x15_twine], layout_long_grid, serial_undead,
          serial_undead_d, serial_undead_b, serial_undead_d, serial_undead_d
D:10:     layout_rooms, lemuel_coloured_pillars_altar, dpeg_lair_monsters
D:11:     layout_stronghold, uniq_urug
D:12:     layout_rooms, orc_david_3, serial_bayou, serial_bayou_pond_e,
          serial_bayou_pond_c, serial_bayou_pond_c, serial_bayou_pond_c,
          serial_bayou_lagoon_b
D:13:     minmay_connected_triangles_in_corner, layout_gridville,
          david_vaults_4, kennysheep_boxes, uniq_josephine
D:14:     kennysheep_seaside_town, layout_irregular_city,
          hangedman_abyss_or_decor_lesser_grid
D:15:     hangedman_depths_entry_try_elsewhere_first, layout_long_grid,
          roderic_nine_men_s_morris
Temple:   eino_temple_lava
Lair:1:   layout_regular_city, beast_lair_carwin_3, grunt_megastairs_3,
          uniq_gastronok
Lair:2:   layout_long_grid, minmay_shoals_entry_hut,
          nicolae_spider_entry_non_spiders, serial_bayou_shore_b
Lair:3:   layout_small_grid, columned_hall_lemuel, serial_bayou_lake_a
Lair:4:   layout_cave_pods, slime_entry_1, gauntlet_entry_generic
Lair:5:   minmay_lair_end_frog_pond, layout_gridlike
Shoals:1: layout_shoals, serial_shops, nicolae_shop_crystal, uniq_nikola
Shoals:2: layout_shoals, serial_shops, nicolae_shop_hallway_plus
Shoals:3: layout_shoals, nicolae_shoals_undead_eyrie
Shoals:4: shoals_end_simple, layout_shoals, nicolae_shoals_loop_pool
Spider:1: layout_spider_delve, uniq_louise, uniq_asterion
Spider:2: layout_spider_delve, nicolae_spider_nook
Spider:3: layout_cave_pods, uniq_arachne
Spider:4: hellmonk_spider_rune_endless_swarm, nicolae_spider_twisty_arc_passages
Slime:1:  layout_caves
Orc:1:    layout_diamond_mine, special_room [special_room_bee], serial_shops,
          shop_statue
Orc:2:    pf_orc_diabolical, layout_caves, serial_shops, shop,
          portal_ice_cave_entry_ice_simulacra, uniq_azrael, uniq_snorg
Elf:1:    elf_arrival_001, layout_geoelf_diagonals, serial_shops,
          shop_fountains, minmay_elf_sorcery, hangedman_elven_pyramids,
          minmay_shop_grove
Elf:2:    elven_hall_of_blades_hangedman_alternative [grunt_blade_entry_basic],
          layout_geoelf_octagon, basic_altar, serial_shops,
          nicolae_stop_n_shop_2, palyth_stone_intersect, minmay_misc_feat_rows,
          minmay_elf_necromancy
Elf:3:    elf_hall_gauntlet_narrow, layout_gridlike, basic_altar, nicolae_wwwww
Vaults:1: gammafunk_ghost_crypt, v_misc_33, v_pattern_4, nicolae_vaults_theta,
          nicolae_vaults_display_case, grunt_vaults_swirl,
          nicolae_vaults_windows_and_doors_thing, layout_vaults_omnigrid,
          uniq_saint_roka
Vaults:2: vaults_room_grid, ontoclasm_vaults_eye, v_misc_31, vaults_dpeg_ring,
          v_rooms_6, nicolae_vaults_network_square,
          nicolae_vaults_specimen_jars, v_pattern_5, v_misc_9,
          grunt_vaults_diagonal, vaults_room_hallway, vaults_mumra_lcd,
          hangedman_vaults_stretched_pinwheel, layout_vaults_ring, serial_shops,
          nicolae_lakefront_shop
Vaults:3: hangedman_vaults_locks, v_rooms_3, ontoclasm_vaults_twist, v_misc_8,
          vaults_standard_mumra_lines, hangedman_vaults_slice,
          ontoclasm_vaults_tryst, hangedman_vaults_trim,
          nicolae_vaults_three_branches, nicolae_vaults_asterisk,
          ontoclasm_vaults_idyll, layout_vaults_omnicross
Vaults:4: hangedman_vaults_restitches, hangedman_vaults_maws,
          nicolae_vaults_network_star, serial_ice_h, dpeg_vaults_monster_box,
          nicolae_vaults_holding_cells, nicolae_vaults_little_squares_1,
          hangedman_vaults_trim, layout_vaults_chaotic_city, serial_shops,
          nicolae_square_shop, uniq_margery
Crypt:1:  layout_misc_corridors, uniq_vv, uniq_josephina
Crypt:2:  layout_chaotic_city, hellmonk_ghost_big_iron, due_unseen_surprise
Crypt:3:  lightli_unholy_cathedral, layout_chaotic_city,
          tomb_entry_sphere_bobbens
Depths:1: layout_cave_shapes, hangedman_abyss_or_decor_passed,
          pf_hell_entry_tar_spiral, nooodl_orcs_dogs, minmay_shoptagon
Depths:2: minmay_the_grid_3x3 [minmay_the_grid_spikes, minmay_the_grid_dragon_b,
          minmay_the_grid_spin_star, minmay_the_grid_rooms,
          minmay_the_grid_holed_spiral, minmay_the_grid_large_cup,
          minmay_the_grid_embedded, minmay_the_grid_slots,
          minmay_the_grid_prize_shrinking_boxes], layout_cave_pools,
          chequers_serial_rivers_small_3, grunt_metal_band,
          grunt_pan_entry_in_and_out, hangedman_research_toxicology

Skill      XL: |  1  2  3  4  5  6  7  8  9 10 11 12 13 14 15 16 17 18 19 20 21 22 |
---------------+-------------------------------------------------------------------+-----
Fighting       | 3 4 6 7 9 10 15 18 19 20 22 | 22.0
Polearms       | 4 6 7 8 10 12 | 12.0
Dodging        | 4 8 10 12 15 19 22 | 22.0
Stealth        | 7 13 | 13.0
Invocations    | 8 14 | 14.1
Spellcasting   | 5 |  5.3
Long Blades    | 3 13 17 21 22 | 22.7
Conjurations   | |  3.0

Action                   |  1- 3 |  4- 6 |  7- 9 | 10-12 | 13-15 | 16-18 | 19-21 | 22-24 || total
-------------------------+-------+-------+-------+-------+-------+-------+-------+-------++-------
Melee: Spear             |   140 |    63 |   292 |   637 |   991 |  1129 |       |       ||  3252
       Tailslap          |    12 |     8 |    35 |    81 |   148 |   240 |   205 |    70 ||   799
       Punch             |     3 |       |     3 |     6 |    19 |    11 |       |       ||    42
       Unarmed           |       |       |       |     8 |       |       |       |       ||     8
       Triple sword      |       |       |       |       |       |   503 |   908 |   329 ||  1740
Throw: Dart              |     4 |     2 |     4 |     3 |     2 |     1 |       |       ||    16
Invok: Ancestor Identity |       |       |     1 |       |       |       |       |       ||     1
       Ancestor Life: Ba |       |       |       |     1 |       |       |       |       ||     1
       Recall Ancestor   |       |       |       |     4 |     2 |    19 |     5 |     7 ||    37
       Idealise          |       |       |       |       |       |     4 |    15 |     4 ||    23
       Transference      |       |       |       |       |       |     2 |     2 |    13 ||    17
 Abil: Breathe Frost     |       |       |     1 |     9 |     8 |     8 |     2 |     2 ||    30
Evoke: Wand              |       |     1 |       |       |     3 |    13 |     2 |     3 ||    22
  Use: Scroll            |       |     3 |     9 |     6 |    17 |    16 |     3 |     6 ||    60
       Potion            |       |     1 |       |       |     3 |     8 |       |     1 ||    13
 Stab: Sleeping          |       |     1 |     2 |    12 |    24 |    31 |    22 |     5 ||    97
       Distracted        |       |       |     2 |     6 |    18 |    50 |    30 |     9 ||   115
       Invisible         |       |       |       |       |       |     1 |       |       ||     1
Armor: Skin              |    21 |     5 |    29 |    82 |   107 |   499 |   307 |    83 ||  1133
Dodge: Dodged            |   104 |    20 |    79 |   273 |   353 |  1353 |   926 |   320 ||  3428
Block: Other             |       |       |       |       |       |   234 |   215 |    69 ||   518
       Reflection        |       |       |       |       |       |     1 |    16 |     4 ||    21

Table legend: (Time is in decaauts)
 A = Elapsed time spent in this place.
 B = Non-inter-level travel time spent in this place.
 C = Inter-level travel time spent in this place.
 D = Time resting spent in this place.
 E = Time spent auto-exploring this place.
 F = Levels seen in this place.
 G = Mean time per level.
                   A        B        C        D        E       F      G
               +--------+--------+--------+--------+--------+-----+--------+
         Total |  42779 |  39352 |   3427 |   4369 |  23393 |  47 |  910.2 |
       Dungeon |  13954 |  12625 |   1329 |    976 |   8783 |  15 |  930.3 |
        Temple |     79 |     58 |     21 |      0 |     49 |   1 |   79.0 |
          Lair |   4661 |   4217 |    444 |    210 |   2818 |   5 |  932.2 |
        Shoals |   3553 |   3375 |    178 |    265 |   2219 |   4 |  888.2 |
   Spider Nest |   4778 |   4413 |    365 |    825 |   2319 |   4 | 1194.5 |
    Slime Pits |      1 |      1 |      0 |      0 |      0 |   1 |    1.0 |
  Orcish Mines |   1508 |   1333 |    175 |    182 |    661 |   2 |  754.0 |
   Elven Halls |   3492 |   3179 |    313 |    466 |   1482 |   3 | 1164.0 |
        Vaults |   5422 |   5064 |    358 |    567 |   3445 |   4 | 1355.5 |
         Crypt |   3273 |   3033 |    240 |    583 |   1171 |   3 | 1091.0 |
        Depths |    288 |    288 |      0 |     47 |     81 |   2 |  144.0 |
       Ossuary |    260 |    260 |      0 |      0 |    124 |   1 |  260.0 |
      Ice Cave |    812 |    812 |      0 |    234 |     31 |   1 |  812.0 |
      Gauntlet |    691 |    691 |      0 |     12 |    209 |   1 |  691.0 |
               +--------+--------+--------+--------+--------+-----+--------+

Top non-repeatable levels by time:
    D:14: 1684 daAuts
   Elf:3: 1579 daAuts
Vaults:1: 1578 daAuts
 Crypt:3: 1544 daAuts
Vaults:4: 1433 daAuts
Spider:2: 1424 daAuts
Spider:4: 1344 daAuts
    D:13: 1298 daAuts
Vaults:3: 1280 daAuts
   Elf:1: 1240 daAuts
Spider:3: 1200 daAuts
     D:9: 1198 daAuts
Vaults:2: 1129 daAuts
  Lair:5: 1112 daAuts
     D:8: 1083 daAuts
